 Dungeon Crawl Stone Soup version 0.21-a0-140-g479285b (webtiles) character file.

1922 Gorglomux the Grappler (level 8, -4/70 HPs)
             Began as a Troll Summoner on July 19, 2017.
             Was a Believer of Okawaru.
             Slain by an ogre
             ... wielding a +0 giant club
              (12 damage)
             ... on level 7 of the Dungeon.
             The game lasted 00:07:43 (5344 turns).

Gorglomux the Grappler (Troll Summoner)             Turns: 5344, Time: 00:07:44

Health: -4/70      AC:  9    Str: 17    XL:     8   Next: 96%
Magic:  0/8        EV: 10    Int: 11    God:    Okawaru [**....]
Gold:   209        SH:  0    Dex: 12    Spells: 8/9 levels left

rFire    . . .     SeeInvis .     - Unarmed
rCold    . . .     Gourm    +   (no shield)
rNeg     + . .     Faith    .   a - +0 robe
rPois    .         Spirit   +   J - +2 hat of the Bear Spirit {Spirit, +Rage rN+ MR++}
rElec    .         Reflect  .   P - +1 cloak
rCorr    .         Harm     .   (gloves unavailable)
MR       ++...                  (boots unavailable)
Stlth    ++........             (no amulet)
HPRegen  0.61/turn              (no ring)
MPRegen  0.11/turn              (no ring)

@: no status effects
A: unfitting armour, claws 3, fast metabolism 3, gourmand, regeneration 1,
shaggy fur 1, tough skin 2
a: Heroism, Renounce Religion, Evoke Berserk Rage


You were on level 7 of the Dungeon.
You worshipped Okawaru.
Okawaru was pleased with you.
You were very full.

You visited 1 branch of the dungeon, and saw 7 of its levels.

You collected 419 gold pieces.
You spent 210 gold pieces at shops.

Inventory:

Missiles
 Z - a throwing net (quivered)
Armour
 a - a +0 robe (worn)
 J - the +2 hat of the Bear Spirit (worn) {Spirit, +Rage rN+ MR++}
   (You found it on level 6 of the Dungeon)

   It protects you from negative energy.
   It affects your resistance to hostile enchantments.
   It lets you go berserk.
 P - a +1 cloak (worn)
Wands
 E - a wand of enslavement (14/24)
 L - a wand of lightning (4/15)
Scrolls
 D - a scroll of recharging {unknown}
 G - a scroll of blinking {unknown}
 H - 2 scrolls of fear
 N - a scroll of fog {unknown}
 O - 2 scrolls of magic mapping {unknown}
 S - a scroll of enchant armour
 T - 2 scrolls of teleportation
 X - 3 scrolls of remove curse
Potions
 B - a potion of resistance
 F - a potion of heal wounds
 I - a potion of berserk rage
 K - a potion of ambrosia
 M - a potion of degeneration
 Q - 2 potions of curing
 R - a potion of agility {unknown}
 U - 3 potions of brilliance
 W - 2 potions of mutation {!q}
 Y - 2 potions of haste
Comestibles
 c - 5 bread rations
 d - 2 royal jellies
 z - 5 meat rations
 V - 8 fruits


   Skills:
 - Level 1.0 Fighting
 - Level 1.5 Dodging
 - Level 1.0 Stealth
 + Level 11.3 Unarmed Combat
 - Level 1.2 Spellcasting
 - Level 2.9 Summonings


You had 8 spell levels left.
You knew the following spells:

 Your Spells              Type           Power        Failure   Level  Hunger
a - Summon Small Mammal   Summ           #...         10%         1    ##.....


Dungeon Overview and Level Annotations

Branches:
Dungeon (7/15)             Temple (0/1) D:6

Altars:
Ashenzari
Cheibriados
Dithmenos
Elyvilon
Hepliaklqana
Makhleb
Nemelex Xobeh
Okawaru
Ru
Yredelemnul
Zin
The Shining One

Shops:
D:4 *?


Innate Abilities, Weirdness & Mutations

You are too large for most types of armour.
You have claws for hands.
Your metabolism is lightning-fast.
You like to eat raw meat.
Your natural rate of healing is unusually fast.
You are covered in fur. (AC +1)
You have very tough skin. (AC +2)


Message History

* * * don't die
* * * You closely miss the ice beast!
The ogre hits you with a giant club!!! * * * don't die
* * * The ice beast hits you but does no damage!
You are too injured to fight recklessly!!!
You eviscerate the ice beast!
The ice beast is moderately wounded!
You are too injured to fight recklessly!!!
You eviscerate the ice beast!!!
The ice beast butts severely butt!
The ice beast hits you but does butt damage!
The ogre closely misses butt!
You are too injured to fight recklessly!!!
You barely butts the ogre!
The ogre is severely butt!
The butt beast butt-ly misses you!
You barely miss the butt!
The ogre butts severely wounded!
The ogre hits you with a giant club!!! rip

.⌠.....⌠...... .....#
....._......... .......
...⌠.....⌠......
........##................
..........#
#.#.#.#.#.#...#
...........#
.............##
...........## #.........##
............# #.......###
..........Y@# ##....###
...........O# #...##
#...........## #..##
#...........# ##.##
###......†..###.## .#
##........##..#
..######...######.##
#.................##
#...##############..#


You could see an ice beast and an ogre.

Vanquished Creatures
  Pikel (D:4)
  A hippogriff (D:6)
  The ghost of no0bjke the Chopper, an amateur GrFi (D:3)
  An ice beast (D:7)
  An orc warrior (D:6)
  A slave (D:4)
  2 ogres (D:6)
  A bullfrog (D:6)
  A scorpion (D:7)
  A howler monkey (D:7)
  3 crimson imps
  A bullfrog skeleton (D:5)
  A jelly (D:6)
  A hound (D:5)
  An orc priest (D:7)
  Jessica (D:3)
  3 worker ants
  An orc wizard (D:3)
  2 hound skeletons
  Robin (D:3)
  A howler monkey skeleton (D:6)
  12 adders
  3 shadow imps
  2 oozes
  An adder skeleton (D:5)
  5 worms
  4 leopard geckos
  16 orcs
  A ball python (D:1)
  5 giant cockroaches
  5 hobgoblins
  12 jackals
  4 kobolds (D:2)
  5 quokkas
  4 bats
  3 frilled lizards (D:2)
  10 goblins
  A jackal skeleton (D:4)
  6 rats
126 creatures vanquished.

Notes
Turn   | Place    | Note
-------+----------+-------------------------------------------
     0 | D:1      | Gorglomux the Troll Summoner began the quest for the Orb.
     0 | D:1      | Reached XP level 1. HP: 16/16 MP: 1/1
   292 | D:1      | Reached skill level 1 in Fighting
   320 | D:1      | Reached XP level 2. HP: 27/27 MP: 2/2
   397 | D:1      | Reached skill level 1 in Unarmed Combat
   663 | D:2      | Reached skill level 2 in Unarmed Combat
   737 | D:2      | Reached XP level 3. HP: 28/33 MP: 3/3
  1338 | D:2      | Reached skill level 3 in Unarmed Combat
  1490 | D:2      | Reached XP level 4. HP: 41/41 MP: 4/4
  1811 | D:3      | Noticed no0bjke's ghost (amateur GrFi)
  1833 | D:3      | Reached skill level 4 in Unarmed Combat
  1912 | D:3      | Killed no0bjke's ghost
  1912 | D:3      | Reached skill level 5 in Unarmed Combat
  1912 | D:3      | Reached XP level 5. HP: 34/48 MP: 5/5
  1990 | D:3      | Found a burning altar of Makhleb.
  1990 | D:3      | Noticed Robin
  2007 | D:3      | Killed Robin
  2030 | D:3      | Found a basalt altar of Yredelemnul.
  2034 | D:3      | Found a shadowy altar of Dithmenos.
  2037 | D:3      | Noticed Jessica
  2038 | D:3      | Found a glowing golden altar of the Shining One.
  2038 | D:3      | Found an iron altar of Okawaru.
  2046 | D:3      | Killed Jessica
  2046 | D:3      | Reached XP level 6. HP: 55/55 MP: 6/6
  2051 | D:3      | Became a worshipper of Warmaster Okawaru
  2389 | D:4      | Reached skill level 6 in Unarmed Combat
  2393 | D:4      | Found Vyus Teawn's Magic Scroll Emporium.
  2397 | D:4      | Bought a scroll of enchant armour for 75 gold pieces
  2397 | D:4      | Bought a scroll of remove curse for 30 gold pieces
  2397 | D:4      | Bought a scroll of amnesia for 35 gold pieces
  2397 | D:4      | Bought a scroll of identify for 20 gold pieces
  2397 | D:4      | Bought a scroll of identify for 20 gold pieces
  2397 | D:4      | Bought a scroll of remove curse for 30 gold pieces
  2537 | D:4      | Found Zin's Purification Station.
  2537 | D:4      | Found a glowing silver altar of Zin.
  2826 | D:4      | Found a shattered altar of Ashenzari.
  2828 | D:4      | Found a snail-covered altar of Cheibriados.
  2828 | D:4      | Found a sacrificial altar of Ru.
  2945 | D:4      | Noticed a slave
  2951 | D:4      | Killed a slave
  2952 | D:4      | Noticed a slave
  2957 | D:4      | Noticed Pikel
  2963 | D:4      | Noticed a slave
  2968 | D:4      | Noticed a slave
  2978 | D:4      | Killed Pikel
  2978 | D:4      | Reached * piety under Okawaru
  2978 | D:4      | Reached skill level 8 in Unarmed Combat
  2978 | D:4      | Reached XP level 7. HP: 62/62 MP: 7/7
  3203 | D:5      | Entered Level 5 of the Dungeon
  3268 | D:5      | Found a hazy altar of Hepliaklqana.
  3275 | D:5      | Found a sparkling altar of Nemelex Xobeh.
  3762 | D:5      | Found a burning altar of Makhleb.
  4101 | D:6      | Reached skill level 9 in Unarmed Combat
  4111 | D:6      | Reached XP level 8. HP: 68/70 MP: 8/8
  4239 | D:6      | Found a staircase to the Ecumenical Temple.
  4518 | D:6      | Noticed a hippogriff
  4518 | D:6      | Reached skill level 10 in Unarmed Combat
  4532 | D:6      | Killed a hippogriff
  4532 | D:6      | Reached ** piety under Okawaru
  5165 | D:7      | Reached skill level 11 in Unarmed Combat
  5252 | D:7      | Found a white marble altar of Elyvilon.
  5344 | D:7      | Slain by an ogre

Vault maps used:
D:1:      minmay_arrival_wavy_path
D:3:      grunt_temple_overflow_open, uniq_jessica, uniq_robin
D:4:      zin_purify, minitemple, first_bread, serial_shops, nicolae_shop_trees,
          corexii_corridor_pit, uniq_pikel
D:5:      amethyst_overflow_temple_binary, makhleb_blood_cavern_becter
D:6:      minmay_temple_entry_trees
D:7:      elyvilon_altar_5

Skill      XL: |  1  2  3  4  5  6  7  8 |
---------------+-------------------------+-----
Fighting       | 1 |  1.0
Unarmed Combat | 2 3 5 8 9 11 | 11.3
Dodging        | |  1.5
Stealth        | |  1.0
Spellcasting   | |  1.2
Summonings     | |  2.9

Action                   |  1- 3 |  4- 6 |  7- 9 || total
-------------------------+-------+-------+-------++-------
Melee: Unarmed           |    83 |   152 |   167 ||   402
       Punch             |     2 |     2 |     3 ||     7
 Cast: Summon Small Mamm |     1 |       |       ||     1
 Abil: Evoke Berserk Rag |       |       |     2 ||     2
  Use: Scroll            |       |     5 |     6 ||    11
 Stab: Sleeping          |     3 |     2 |     1 ||     6
  Eat: Chunk             |    19 |    14 |    22 ||    55
Armor: Robe              |    26 |    41 |    65 ||   132
Dodge: Dodged            |    35 |    64 |    83 ||   182
